 Dungeon Crawl Stone Soup version 0.29.1-13-g9f3cf754e1 (webtiles) character file.

Game seed: 75996030478395275

37 Vulpanium the Chopper (level 3, 0/23 HPs)
             Began as a Tengu Monk on Jan 22, 2023.
             Succumbed to an adder's poison
             ... on level 2 of the Dungeon.
             The game lasted 00:03:23 (1841 turns).

Vulpanium the Chopper (Tengu Monk)                  Turns: 1841, Time: 00:03:23

Health: 0/23       AC:  3    Str: 13    XL:     3   Next: 41%
Magic:  4/4        EV: 13    Int: 10    God:
Gold:   100        SH:  0    Dex: 16    Spells: 2/2 levels left

rFire   . . .      SeeInvis .   a - +0 hand axe
rCold   . . .      Faith    .   (no shield)
rNeg    . . .      Spirit   .   k - +0 leather armour
rPois   .          Reflect  .   (helmet restricted)
rElec   .          Harm     .   (no cloak)
rCorr   .          Rampage  .   (no gloves)
Will    .....                   (boots unavailable)
Stlth   ++........              (no amulet)
HPRegen 0.07/turn               (no ring)
MPRegen 0.09/turn               (no ring)

@: lethally poisoned (0 -> -2)
A: beak, talons 3
a: no special abilities


You were on level 2 of the Dungeon.
You visited 1 branch of the dungeon, and saw 2 of its levels.

You collected 100 gold pieces.

Inventory:

Hand Weapons
 a - a +0 hand axe (weapon)
Missiles
 d - a throwing net (quivered)
Armour
 b - a +0 robe
 k - a +0 leather armour (worn)
Scrolls
 e - a scroll of torment {unknown}
 g - a scroll of enchant armour {unknown}
 j - a scroll of vulnerability {unknown}
 l - a scroll of blinking {unknown}
 m - a scroll of identify {unknown}
Potions
 c - a potion of ambrosia
 f - a potion of haste {unknown}
 h - a potion of berserk rage {unknown}
 i - 2 potions of lignification {unknown}


   Skills:
 + Level 3.5 Fighting
 + Level 3.8 Axes
 + Level 3.7 Dodging
 + Level 2.1 Stealth


You had 2 spell levels left.
You didn't know any spells.
Your spell library was empty.

Dungeon Overview and Level Annotations

Branches:
Dungeon (2/15)

Altars:


Innate Abilities, Weirdness & Mutations

You have a beak for a mouth.
You have claws for feet.


Message History

The adder attacks as you move away! The adder barely misses you.
You feel sick.
You feel sick.
You see here a scroll labelled BYSOWO VOERA.
m - a scroll labelled BYSOWO VOERA You feel sick.
You are no longer poisoned.
The adder bites you but does no damage.
You closely miss the adder. Your peck misses the adder.
The adder bites you but does no damage. The adder barely misses you.
You closely miss the adder. Your peck misses the adder.
Your punch misses the adder. The adder misses you.
You hit the adder. Your kick misses the adder.
The adder is lightly wounded.
The adder bites you but does no damage. The adder barely misses you.
You barely miss the adder.
The adder is lightly wounded.
The adder bites you.
The gnoll hits you from afar with a +0 spear.
You closely miss the adder.
The adder is lightly wounded.
The adder bites you. The gnoll misses you. The adder misses you.
You miss the adder. Your punch misses the adder.
The adder is lightly wounded.
The gnoll hits you from afar with a +0 spear.
* * * LOW HITPOINT WARNING * * *
The adder bites you.
* * * LOW HITPOINT WARNING * * *
You are poisoned.
The adder poisons you!
You barely miss the adder. You claw the adder.
The adder is heavily wounded.
* * * LOW HITPOINT WARNING * * *
You feel sick. The adder bites you.
* * * LOW HITPOINT WARNING * * *
The gnoll barely misses you. The adder misses you.
The gnoll hits you from afar with a +0 spear.
* * * LOW HITPOINT WARNING * * *
You slash the adder!
You kill the adder!
You die...

..............#
..............###
.................
#....P............
.....PPP.).........
..PP....P..........
###....8....(g.....$.
##. .......P...†.......
..# #..PPP.P...@.......
#.# #...PPP......<.....
#.###..................
#.##..##...............
##....#.†.##.#..#.....#.
#.......##...##.##.####
....####.).####....#
...#####.### ######
...##....#


You could see a gnoll.

Vanquished Creatures
  An adder (D:2)
  A worm (D:2)
  A dart slug (D:1)
  5 endoplasms
  4 giant cockroaches
  4 goblins
  A hobgoblin (D:2)
  A quokka (D:2)
  4 ball pythons
  4 bats (D:1)
  A frilled lizard (D:1)
  A kobold (D:1)
  A rat (D:2)
29 creatures vanquished.

Vanquished Creatures (others)
  A plant (D:1)
1 creature vanquished.

Grand Total: 30 creatures vanquished

Notes
Turn   | Place    | Note
-------+----------+-------------------------------------------
     0 | D:1      | Vulpanium the Tengu Monk began the quest for the Orb.
     0 | D:1      | Reached XP level 1. HP: 14/14 MP: 2/2
   595 | D:1      | Reached XP level 2. HP: 17/19 MP: 3/3
  1166 | D:1      | Reached XP level 3. HP: 14/23 MP: 4/4
  1840 | D:2      | HP: 1/23 [gnoll/+0 spear (2)]
  1841 | D:2      | Succumbed to an adder's poison

Illustrated notes

Levels and vault maps discovered:
D:1:      kennysheep_arrival_seaside, layout_loops_corners
D:2:      layout_rooms, serial_shops, shop, st_stairs_3,
          dreamdust_mushroom_princess, minmay_misc_feat_roman

Action                   || total
-------------------------++-------
Melee: Hand axe          ||    69
       Kick              ||     9
       Peck              ||     6
 Stab: Sleeping          ||     2
Armor: Robe              ||    12
       Leather armour    ||     5
Dodge: Dodged            ||    51
